[ AOE2 MATCH · #506300032 ]
UnrankedTurks vs Goths
Player's team · WIN
Rival team · LOSS
[ REPLAY ANALYSIS · EXTRACTED FROM THE RECORDED GAME ]
Feudal
9:26
Castle
24:23
Imperial
44:54
| APM avg | 58.2 |
| APM peak | 93 |
| eAPM avg | 25.0 |
| Villagers / military | 245 / 204 |
Focus
⚔️ 38.4% · 🌾 61.6%
Hand Cannoneer ×55 · Scout Cavalry ×53 · Knight ×42 · Skirmisher ×17 · Cavalry Archer ×15 · Archer ×7
Feudal
8:55
Castle
21:46
Imperial
—
| APM avg | 63.8 |
| APM peak | 106 |
| eAPM avg | 28.9 |
| Villagers / military | 191 / 324 |
Focus
⚔️ 44.9% · 🌾 55.1%
Huskarl ×156 · Spearman ×110 · Archer ×41 · Militia ×12 · Mangonel ×3 · Skirmisher ×1
Match map
Initial resources + every placement click. Lines = walls · curves = elevation contours. ◆ gold · ⬟ stone · ● berries · ✦ relic · ◌ wall gap
Your base· Open — unwalled flank
RD | El_Zapatero22's base· Open — unwalled flank
Smoothed initial terrain · ◌ = detected wall gap · hover for details
Inputs per minute
— Eden - - RD | El_Zapatero22
Build order — Eden
First 150 of 692 actions detected
| 0:00 | Create | Villager (Male) ×4 |
| 0:02 | Build | House |
| 0:03 | Build | House |
| 1:24 | Build | Lumber Camp |
| 1:28 | Create | Villager (Male) |
| 2:04 | Create | Villager (Male) |
| 2:20 | Create | Villager (Male) |
| 2:52 | Create | Villager (Male) |
| 3:15 | Build | House |
| 3:22 | Create | Villager (Male) |
| 3:53 | Build | Palisade Wall |
| 3:56 | Create | Villager (Male) |
| 4:18 | Create | Villager (Male) |
| 4:23 | Build | Palisade Wall |
| 4:28 | Create | Villager (Male) |
| 5:02 | Create | Villager (Male) |
| 5:15 | Create | Villager (Male) |
| 5:20 | Build | Mining Camp |
| 5:27 | Create | Villager (Male) |
| 5:34 | Create | Villager (Male) |
| 6:09 | Build | House |
| 6:14 | Build | Palisade Wall |
| 6:15 | Build | Palisade Wall |
| 6:16 | Build | Palisade Wall |
| 6:19 | Create | Villager (Male) |
| 6:41 | Research | Loom |
| 7:11 | Research | Feudal Age |
| 7:45 | Build | Barracks |
| 8:10 | Build | House |
| 8:43 | Build | House |
| 8:52 | Build | Palisade Wall |
| 9:17 | Build | Palisade Wall |
| 9:26 | Age | Feudal Age |
| 9:31 | Build | Archery Range |
| 9:33 | Create | Villager (Male) |
| 9:34 | Create | Villager (Male) |
| 9:43 | Research | Double-Bit Axe |
| 9:55 | Build | House |
| 9:58 | Build | House |
| 10:02 | Build | House |
| 10:07 | Build | Palisade Wall |
| 10:09 | Create | Archer |
| 10:24 | Create | Villager (Male) |
| 10:25 | Create | Villager (Male) |
| 10:38 | Create | Spearman |
| 10:53 | Create | Archer |
| 11:03 | Create | Archer |
| 11:05 | Create | Archer |
| 11:14 | Create | Villager (Male) |
| 11:31 | Create | Archer |
| 11:39 | Build | Mill |
| 12:04 | Build | House |
| 12:06 | Build | House |
| 12:19 | Build | Farm |
| 12:36 | Create | Skirmisher |
| 12:42 | Create | Villager (Male) |
| 12:45 | Build | Farm |
| 12:57 | Build | Farm |
| 13:10 | Create | Villager (Male) |
| 13:19 | Create | Skirmisher |
| 13:20 | Build | Farm |
| 13:31 | Build | Farm |
| 13:36 | Build | Stable |
| 13:40 | Create | Skirmisher |
| 13:53 | Create | Villager (Male) |
| 14:00 | Build | Farm |
| 14:03 | Build | Farm |
| 14:13 | Build | Blacksmith |
| 14:30 | Create | Skirmisher |
| 14:41 | Create | Scout Cavalry |
| 14:49 | Create | Skirmisher |
| 15:10 | Create | Archer |
| 15:13 | Build | Farm |
| 15:15 | Build | Farm |
| 15:16 | Create | Scout Cavalry |
| 15:19 | Create | Villager (Male) |
| 15:34 | Research | Padded Archer Armor |
| 15:39 | Create | Skirmisher |
| 15:44 | Research | Fletching |
| 15:55 | Build | Lumber Camp |
| 16:02 | Create | Skirmisher |
| 16:03 | Create | Villager (Male) |
| 16:10 | Create | Villager (Male) |
| 16:28 | Create | Skirmisher |
| 16:39 | Research | Padded Archer Armor |
| 16:52 | Create | Skirmisher |
| 17:08 | Create | Villager (Male) |
| 17:08 | Create | Villager (Male) |
| 17:38 | Create | Villager (Male) |
| 17:42 | Create | Skirmisher |
| 17:45 | Build | Farm |
| 17:47 | Build | Farm |
| 17:48 | Build | Farm |
| 17:51 | Build | Farm |
| 18:11 | Create | Villager (Male) |
| 18:17 | Create | Skirmisher |
| 18:31 | Research | Wheelbarrow |
| 18:33 | Build | Farm |
| 18:42 | Create | Skirmisher |
| 18:56 | Create | Villager (Male) |
| 18:58 | Create | Skirmisher |
| 19:15 | Build | Farm |
| 19:28 | Create | Scout Cavalry |
| 19:43 | Create | Skirmisher |
| 19:57 | Build | Farm |
| 19:57 | Build | Farm |
| 20:02 | Build | House |
| 20:03 | Build | Palisade Wall |
| 20:22 | Create | Skirmisher |
| 20:24 | Create | Villager (Male) |
| 20:26 | Build | Farm |
| 20:26 | Build | Farm |
| 20:26 | Build | Farm |
| 20:52 | Build | Palisade Wall |
| 20:53 | Build | Palisade Wall |
| 20:58 | Create | Villager (Male) |
| 21:05 | Build | House |
| 21:43 | Research | Castle Age |
| 21:55 | Create | Skirmisher |
| 21:56 | Create | Skirmisher |
| 22:38 | Create | Villager (Male) |
| 22:40 | Create | Scout Cavalry |
| 23:09 | Create | Scout Cavalry |
| 23:09 | Research | Scale Barding Armor |
| 23:16 | Build | Mining Camp |
| 23:21 | Research | Horse Collar |
| 24:04 | Build | Farm |
| 24:06 | Create | Scout Cavalry |
| 24:23 | Age | Castle Age |
| 24:23 | Build | House |
| 24:25 | Build | House |
| 24:26 | Build | Siege Workshop |
| 24:27 | Create | Villager (Male) |
| 24:35 | Create | Villager (Male) |
| 24:45 | Research | Chain Barding Armor |
| 24:46 | Create | Villager (Male) |
| 24:57 | Create | Mangonel |
| 25:30 | Build | Town Center |
| 25:31 | Create | Villager (Male) |
| 25:39 | Create | Villager (Male) |
| 25:48 | Create | Mangonel |
| 25:49 | Create | Villager (Male) |
| 26:14 | Create | Villager (Male) |
| 26:21 | Create | Villager (Male) |
| 26:26 | Create | Villager (Male) |
| 26:42 | Create | Villager (Male) |
| 26:51 | Create | Scout Cavalry |
| 26:54 | Build | Farm |
| 26:58 | Create | Villager (Male) |
| 27:07 | Create | Villager (Male) |
Build order — RD | El_Zapatero22
First 150 of 661 actions detected
| 0:00 | Create | Villager (Male) ×4 |
| 0:01 | Build | House |
| 0:02 | Build | House |
| 1:32 | Create | Villager (Male) |
| 1:59 | Create | Villager (Male) |
| 2:00 | Create | Villager (Male) |
| 2:02 | Build | Lumber Camp |
| 2:14 | Create | Villager (Male) |
| 2:14 | Create | Villager (Male) |
| 2:36 | Research | Loom |
| 2:40 | Create | Villager (Male) |
| 3:10 | Create | Villager (Male) |
| 3:34 | Create | Villager (Male) |
| 3:44 | Build | House |
| 3:47 | Create | Villager (Male) |
| 4:28 | Create | Villager (Male) |
| 5:00 | Create | Villager (Male) |
| 5:22 | Create | Villager (Male) |
| 5:26 | Build | Barracks |
| 5:32 | Create | Villager (Male) |
| 5:44 | Build | House |
| 6:13 | Create | Villager (Male) |
| 6:41 | Create | Villager (Male) |
| 6:45 | Research | Feudal Age |
| 6:53 | Create | Militia |
| 6:53 | Create | Militia |
| 6:57 | Create | Militia |
| 6:57 | Create | Militia |
| 7:11 | Build | Mining Camp |
| 7:45 | Create | Militia |
| 8:13 | Create | Militia |
| 8:55 | Age | Feudal Age |
| 8:57 | Create | Villager (Male) |
| 9:01 | Build | Archery Range |
| 9:05 | Build | Mill |
| 9:13 | Research | Man-at-Arms (upgrade) |
| 9:27 | Create | Militia |
| 9:29 | Create | Villager (Male) |
| 9:36 | Build | House |
| 9:47 | Create | Skirmisher |
| 10:14 | Create | Villager (Male) |
| 10:14 | Create | Villager (Male) |
| 10:31 | Create | Villager (Male) |
| 10:44 | Create | Villager (Male) |
| 10:48 | Create | Archer |
| 10:52 | Build | Archery Range |
| 10:57 | Build | House |
| 11:14 | Create | Archer |
| 11:30 | Create | Villager (Male) |
| 11:35 | Create | Archer |
| 11:50 | Create | Villager (Male) |
| 12:12 | Create | Villager (Male) |
| 12:15 | Create | Villager (Male) |
| 12:20 | Create | Villager (Male) |
| 12:22 | Create | Archer |
| 12:23 | Create | Archer |
| 12:27 | Build | House |
| 12:56 | Build | Blacksmith |
| 13:19 | Create | Villager (Male) |
| 13:20 | Create | Archer |
| 13:22 | Create | Archer |
| 13:33 | Build | House |
| 13:35 | Build | House |
| 13:35 | Build | House |
| 13:46 | Research | Fletching |
| 14:01 | Create | Villager (Male) |
| 14:11 | Create | Villager (Male) |
| 14:11 | Create | Villager (Male) |
| 14:14 | Create | Archer |
| 14:14 | Create | Archer |
| 14:43 | Create | Militia |
| 15:19 | Create | Archer |
| 15:19 | Create | Archer |
| 15:24 | Build | Farm |
| 15:25 | Build | Farm |
| 15:25 | Build | Farm |
| 15:25 | Build | Farm |
| 15:25 | Build | Farm |
| 15:26 | Build | Farm |
| 15:59 | Create | Villager (Male) |
| 16:02 | Create | Archer |
| 16:02 | Create | Archer |
| 16:08 | Build | Farm |
| 16:14 | Create | Villager (Male) |
| 16:17 | Create | Militia |
| 16:49 | Create | Villager (Male) |
| 16:50 | Create | Archer |
| 16:51 | Create | Archer |
| 16:56 | Build | Farm |
| 17:12 | Create | Villager (Male) |
| 17:14 | Build | Farm |
| 17:15 | Build | Farm |
| 17:38 | Create | Villager (Male) |
| 17:51 | Build | Market |
| 18:13 | Create | Villager (Male) |
| 18:21 | Build | House |
| 19:05 | Research | Castle Age |
| 19:25 | Create | Militia |
| 19:25 | Create | Militia |
| 19:37 | Build | Lumber Camp |
| 20:18 | Create | Archer |
| 20:18 | Create | Archer |
| 20:19 | Create | Archer |
| 20:23 | Research | Double-Bit Axe |
| 20:23 | Research | Double-Bit Axe |
| 20:50 | Create | Spearman |
| 20:50 | Create | Spearman |
| 20:58 | Create | Archer |
| 21:03 | Build | House |
| 21:27 | Build | Stable |
| 21:46 | Age | Castle Age |
| 21:51 | Research | Crossbowman (upgrade) |
| 22:00 | Research | Bodkin Arrow |
| 22:10 | Create | Archer |
| 22:10 | Create | Archer |
| 22:39 | Create | Villager (Male) |
| 22:45 | Create | Archer |
| 22:45 | Create | Archer |
| 22:48 | Build | Siege Workshop |
| 22:58 | Create | Archer |
| 22:58 | Create | Archer |
| 23:07 | Create | Villager (Male) |
| 23:19 | Create | Archer |
| 23:49 | Create | Villager (Male) |
| 23:51 | Create | Archer |
| 24:05 | Build | University |
| 24:13 | Create | Battering Ram |
| 24:23 | Create | Villager (Male) |
| 24:32 | Create | Mangonel |
| 24:56 | Research | Ballistics |
| 24:58 | Create | Spearman |
| 25:09 | Create | Archer |
| 25:09 | Create | Archer |
| 25:30 | Create | Villager (Male) |
| 25:35 | Build | House |
| 25:52 | Research | Pikeman (upgrade) |
| 26:18 | Create | Mangonel |
| 26:20 | Create | Spearman |
| 26:21 | Create | Spearman |
| 26:29 | Create | Archer |
| 26:30 | Create | Archer |
| 26:50 | Create | Archer |
| 26:50 | Create | Archer |
| 27:06 | Create | Villager (Male) |
| 27:32 | Create | Villager (Male) |
| 27:35 | Create | Archer |
| 28:12 | Create | Villager (Male) |
| 28:22 | Create | Spearman |
| 28:22 | Create | Spearman |
| 28:26 | Create | Mangonel |
Match timeline
| 3:53 | Eden · wall_segment Palisade Wall x3 |
| 4:23 | Eden · wall_segment Palisade Wall x2 |
| 5:26 | RD | El_Zapatero22 · first_building Barracks |
| 6:14 | Eden · wall_segment Palisade Wall x9 |
| 6:15 | Eden · wall_segment Palisade Wall x1 |
| 6:16 | Eden · wall_segment Palisade Wall x1 |
| 7:45 | Eden · first_building Barracks |
| 8:52 | Eden · wall_segment Palisade Wall x5 |
| 8:55 | RD | El_Zapatero22 · age_up feudal |
| 9:01 | RD | El_Zapatero22 · first_building Archery Range |
| 9:17 | Eden · wall_segment Palisade Wall x1 |
| 9:26 | Eden · age_up feudal |
| 9:31 | Eden · first_building Archery Range |
| 10:07 | Eden · wall_segment Palisade Wall x1 |
| 13:36 | Eden · first_building Stable |
| 18:28 | RD | El_Zapatero22 · first_market_buy 500 food |
| 18:40 | RD | El_Zapatero22 · first_market_sell 500 wood |
| 20:03 | Eden · wall_segment Palisade Wall x14 |
| 20:52 | Eden · wall_segment Palisade Wall x4 |
| 20:53 | Eden · wall_segment Palisade Wall x4 |
| 21:27 | RD | El_Zapatero22 · first_building Stable |
| 21:46 | RD | El_Zapatero22 · age_up castle |
| 22:48 | RD | El_Zapatero22 · first_building Siege Workshop |
| 24:23 | Eden · age_up castle |
| 24:26 | Eden · first_building Siege Workshop |
| 34:02 | RD | El_Zapatero22 · first_building Castle |
| 40:40 | Eden · first_market_sell 100 wood |
| 40:43 | Eden · first_building Monastery |
| 44:54 | Eden · age_up imperial |
| 45:50 | Eden · wall_segment Palisade Wall x1 |
| 48:44 | Eden · first_market_buy 100 food |
| 61:37 | Eden · wall_segment Stone Wall x1 |
| 61:43 | Eden · wall_segment Stone Wall x1 |
| 66:16 | Eden · wall_segment Stone Wall x8 |
| 67:16 | Eden · wall_segment Stone Wall x4 |
| 68:09 | Eden · first_building Castle |
| 68:24 | Eden · wall_segment Stone Wall x13 |
| 73:37 | RD | El_Zapatero22 · resign |
[ AI ANALYSIS · 1 CREDIT ]
What really happened in this match?
Wolo.gg analyzes every decision: build order, eco, micro, common mistakes by bracket. Personalized analysis on WhatsApp or Discord in 30 seconds.
Civ guide
Turks
Perfil
Eden